 Dungeon Crawl Stone Soup version 0.30.1-11-g7821555f0a (webtiles) character file.

Game seed: 5777812699871475993

17 KyoPewz the Vexing (level 2, 0/12 HPs)
             Began as a Felid Enchanter on Oct 31, 2023.
             Killed from afar by a dart slug (5 damage)
             ... with a slug dart
             ... on level 1 of the Dungeon.
             The game lasted 00:01:42 (362 turns).

KyoPewz the Vexing (Felid Enchanter)                 Turns: 362, Time: 00:01:43

Health: 0/12       AC:  1    Str:  4    XL:     2   Next: 44%
Magic:  4/6        EV: 17    Int: 16    God:
Gold:   0          SH:  0    Dex: 16    Spells: 3/5 levels left
                                        Lives:  0   Deaths: 0

rFire   . .          .
                       - Unarmed
rCold   . . .        (shield unavailable)
rNeg    . . .        (body armour unavailable)
rPois   .            (helmet unavailable)
rElec   .            (cloak unavailable)
rCorr   .            (gloves unavailable)
SInv    +            (boots unavailable)
Will    .....        (no amulet)
Stlth   +++          (no ring)
HPRegen 0.22/turn    (no ring)
MPRegen 0.10/turn

%: no passive effects
@: quick
A: very small, claws 1, fangs 3, see invisible, speed 1, shaggy fur 1, stealthy
paws, no weapons or thrown items, no armour, multi-lived
a: no special abilities


You were on level 1 of the Dungeon.
You visited 1 branch of the dungeon, and saw 1 of its levels.

Inventory:

Scrolls
 b - a scroll of fear {unknown}
 d - a scroll of identify {unknown}
 e - a scroll of enchant armour {unknown}
Potions
 a - 2 potions of invisibility
 c - a potion of flight {unknown}


   Skills:
 + Level 0.7 Fighting
 + Level 3.0 Dodging
 + Level 4.3 Stealth
 + Level 1.3 Unarmed Combat
 - Level 2.0 Spellcasting
 + Level 4.6 Hexes


You had 3 spell levels left.
You knew the following spells:

 Your Spells              Type           Power      Damage    Failure   Level
a - Ensorcelled Hibernat  Hex/Ice        18%        N/A       12%         2

Your spell library contained the following spells:

 Spells                   Type           Power      Damage    Failure   Level
 Confusing Touch          Hex            16%        N/A       9%          3
 Tukima's Dance           Hex            16%        N/A       9%          3
 Dazzling Flash           Conj/Hex       18%        N/A       24%         3


Dungeon Overview and Level Annotations

Branches:
Dungeon (1/15)

Altars:


Innate Abilities, Weirdness & Mutations

You have sharp claws.
You have razor-sharp teeth.
You have supernaturally acute eyesight. (SInv)
You cover ground quickly. (Speed+)
You are covered in fur. (AC +1)
Your paws help you pounce on unaware monsters.
You are incapable of wielding weapons or throwing items.
You cannot wear armour.
You gain extra lives every three experience levels.


Message History

You kill the bat!
No target in view!
An endoplasm is nearby!
The endoplasm quivers.
You scratch the endoplasm.
The endoplasm is moderately wounded.
The endoplasm closely misses you.
You scratch the endoplasm.
You kill the endoplasm!
No target in view!
e - a scroll labelled VAIZAR JIAKAPUZ A dart slug comes into view.
A dart slug is nearby!
You scratch the dart slug.
The dart slug is heavily wounded.
The dart slug misses you.
You scratch the dart slug but do no damage.
The dart slug is heavily wounded.
The dart slug bites you.
You take 3 damage, and have 9/12 hp.
MASSIVE DAMAGE!!
The frilled lizard hisses angrily.
You scratch the dart slug.
The dart slug is heavily wounded.
The dart slug launches a dart at you. The slug dart misses you.
You scratch the dart slug.
The dart slug is severely wounded.
The dart slug launches a dart at you. The slug dart hits you.
You take 5 damage, and have 4/12 hp.
MASSIVE DAMAGE!!
Casting: Ensorcelled Hibernation (safe; 12% risk of failure)
Confirm with . or Enter, or press ? or * to list all spells.
Aiming: Ensorcelled Hibernation (safe; 12% risk of failure)
Press: ? - help, Shift-Dir - straight line, f - dart slug
Aim: a dart slug (chance to affect: 61%)
The dart slug resists with significant effort.
The dart slug completely misses you. The dart slug launches a dart at you.
The slug dart hits you.
You die...

..##.##...[..##
##...ยง[.# ..#
.. ..###..#
#....### .. .#
#......##
#...##
#..#..### ...##
#l.#......:..
####....#...
#........... .
##...ww...#
...##....@...#
............##
#.###..#....#
#......####.#
##....#.# .#
#.....#.# .
..#...#.# . .
#...#.# ..
#...#.#


You could see 2 dart slugs and a frilled lizard.

Vanquished Creatures
  3 bats (D:1)
  2 endoplasms (D:1)
  2 giant cockroaches (D:1)
  2 goblins (D:1)
  A hobgoblin (D:1)
  2 kobolds (D:1)
  2 frilled lizards (D:1)
  A rat (D:1)
15 creatures vanquished.

Notes
Turn   | Place    | Note
-------+----------+-------------------------------------------
     0 | D:1      | KyoPewz the Felid Enchanter began the quest for the Orb.
     0 | D:1      | Reached XP level 1. HP: 7/7 MP: 4/4
   124 | D:1      | Reached XP level 2. HP: 9/12 MP: 6/6
   130 | D:1      | Learned a level 2 spell: Ensorcelled Hibernation
   362 | D:1      | Killed from afar by a dart slug

Illustrated notes

Levels and vault maps discovered:
D:1:      dpeg_arrival_pits, layout_rooms, corexii_corridor_pit,
          minmay_misc_feat_tower

Skill      XL: |  1  2 |
---------------+-------+-----
Dodging        | 3 |  3.0
Fighting       | |  0.7
Stealth        | |  4.3
Unarmed Combat | |  1.3
Spellcasting   | |  2.0
Hexes          | |  4.6

Action                     || total
---------------------------++-------
  Melee: Unarmed           ||    38
         Punch             ||     1
   Cast: Ensorcelled Hiber ||     1
   Stab: Sleeping          ||     4
 Armour: Skin              ||     2
  Dodge: Dodged            ||    28
